[Event "Chess.com Global Championship Knockout"]
[Site "Chess.com"]
[Date "2022.09.16"]
[Round "1"]
[White "Nepomniachtchi, Ian"]
[Black "Muradli, Mahammad"]
[Result "1-0"]
[WhiteElo "2792"]
[BlackElo "2555"]
[ECO "E11"]
[EventDate "2022.??.??"]
[Annotator "Rafael Leitão"]
[PlyCount "95"]
[Beauty "7147362451464"]
[EventType "team-tourn"]
[TimeControl "900+2"]

1.d4 Nf6 2.c4 e6 3.Nf3 d5 4.g3 Bb4+ 5.Bd2 Be7 6.Bg2 c6 7.Qc2 b6 8.O-O Nbd7 {Black decides to postpone castling and this can lead to original play.} ( 8...O-O {is the most popular move.} ) 9.Nc3 $5 {This pawn sacrifice is not considered dangerous in the normal lines with 8. ..0-0.} 9...Ba6 ( 9...dxc4 {This is the critical test, since it's not entirely clear what's the best way to gain compensation. Probably Nepomniachtchi would follow a correspondence game where White achieved an advantage after} 10.Bg5 $5 Bb7 11.Rfd1 ( 11.Bxf6 {is not convincing.} 11...Nxf6 12.Ne5 Qxd4 13.Nxc6 Qc5 14.Na4 Qb5 15.Nc3 Qc5 {and the game was soon drawn. Wang - Movsesian, Khanty-Mansiysk 2010.} ) 11...b5 12.Ne5 Nd5 13.Bxe7 Qxe7 14.Ne4 O-O 15.Nxd7 Qxd7 16.Nc5 $14 {and White has excellent compensation in an over-the-board game, although not enough to win a correspondence duel. Leite - Repanic, ICCF email 2018.} ) 10.cxd5 cxd5 11.Rfc1 O-O {Let's take a look at what's happening on the board in this typical Catalan position. The pawn structure is symmetrical and it looks like White doesn't have much. The dominance of the c-file, by itself, is not capable of causing big headaches for Black. In fact, the most important element of the position is the difference between the knights: White's knight on c3 is far superior to Black's knight on d7. Imagine that Black had the bishop on b7 and the knight on c6: his position would have no serious problem. To be honest, this is a very small detail, but in this opening White has to exploit that kind of advantage. The next move is a fantastic concept and one that was used by Nepomniachtchi in his recent game against Mamedyarov. I'm sure it's an impossible move to think about before studying this type of position for dozens of hours.} 12.h4 $5 {The idea is to plant a bishop on f4, sometimes even followed by e2-e3. The bishop is outside the pawn chain and the pawn on h4 helps to avoid the advance g7-g5 that can cause problems for the caged bishop.} 12...b5 {A new move, gaining space on the queenside.} ( 12...Bb7 {was played by Mamedyarov against Nepomniachtchi in a rapid game a few days ago. White won this duel, but not because of the opening.} ) 13.a3 ( 13.a4 $1 {is an interesting alternative.} 13...b4 14.Nb5 {And it seems that White can emerge on top after the following complications:} 14...Rc8 15.Qb3 Qa5 16.Nxa7 $1 Rxc1+ ( 16...Bc4 $2 17.Nxc8 Bxb3 18.Nxe7+ Kh8 19.Nc6 {and White wins.} ) 17.Rxc1 Bc4 18.Nc6 Bxb3 19.Nxa5 Bxa4 20.Nc6 Bxc6 21.Rxc6 {with a clear edge for White in the endgame.} ) 13...Qb6 14.Bf4 Rfc8 15.Qd1 h6 {Always a useful move. My six-year-old son started playing chess recently and after learning what a back-rank mate is, he always makes sure the king has some air to breathe.} 16.e3 {White completes the concept started with the move 12.h4. Is it winning $2 No, actually it's probably not enough even for a tiny advantage, but it doesn't fail to make an impression on those who have preconceived thoughts about locking a bishop like this. The point of this later move is to bring the g2-bishop to the action on the queenside, with a possible Bf1 in the future.} 16...b4 17.axb4 Bxb4 18.Nd2 $1 {Another sophisticated move. The knight is heading to the queenside.} 18...Bd3 19.Nb3 Bc4 20.Nd2 Bd3 {The famous \"tacit draw offer\". Nepomniachtchi is not in a hurry to accept it.} 21.Qb3 Bxc3 $6 {I have my doubts if this move is really necessary. It seems that Black has no problems after} ( 21...Bf5 $1 22.Na4 Rxc1+ 23.Rxc1 Qa5 24.Nf3 Ne4 ) 22.Rxc3 Qxb3 23.Rxb3 {Now White has a small advantage. The bishop pair strikes again.} 23...Bg6 24.Rc3 ( 24.Nf3 {My computer is very enthusiastic about this move.} ) 24...Nb6 25.Bd6 Rxc3 26.bxc3 Rc8 $6 ( 26...Bd3 $1 {is better.} ) 27.Bb4 Rc7 28.f3 $1 {Very good technique, restricting the f6-knight and preparing to bring the king to the center.} 28...Bd3 29.Kf2 Bb5 30.g4 $1 {Gaining space on the queenside.} 30...Na4 31.Bf1 $1 {Now White exchanges the advantage of the bishop pair to bring the king to the wonderful d3-square.} 31...Bxf1 32.Kxf1 Nb6 ( 32...Nxc3 {fails to a nice tactic:} 33.Ba5 $1 Rc6 34.Rc1 {and the knight is lost.} ) 33.Ke2 h5 34.g5 Nfd7 35.Kd3 {The torture continues. White has a bishop, the better pawn structure, and a powerful centralized king.} 35...f6 36.gxf6 ( 36.g6 $1 {is the computer solution.} 36...Nf8 37.Bd6 Rb7 38.Bxf8 Kxf8 39.Nb3 Ke7 40.Nc5 Rc7 41.e4 {and it turns out that Black's position is worse than it looks. My computer already claims +3.} ) 36...gxf6 37.Bd6 Rb7 38.e4 $1 Kf7 39.Rb1 {Preparing c3-c4.} 39...Nf8 40.c4 $1 dxc4+ 41.Nxc4 Ng6 42.Bg3 Ke7 43.Rb5 $1 {Now Black loses material.} 43...f5 44.exf5 exf5 45.Nd6 Rd7 46.Nxf5+ Kf6 47.Ne3 Rh7 48.Ra5 {A brilliant technical game by Nepomniachtchi.} 1-0

[Event "Chess.com Global Championship Knockout"]
[Site "Chess.com"]
[Date "2022.09.17"]
[Round "1"]
[White "Mitrabha, Guha"]
[Black "Duda, Jan Krzysztof"]
[Result "0-1"]
[WhiteElo "2471"]
[BlackElo "2731"]
[ECO "A28"]
[EventDate "2022.??.??"]
[Annotator "Rafael Leitão"]
[PlyCount "66"]
[Beauty "8178426989628"]
[EventType "team-tourn"]
[TimeControl "900+2"]

{Duda had no problem winning his match with a perfect score. I consider the young Polish GM one of the favorites to win the tournament.} 
1.c4 e5 2.Nc3 Nf6 3.Nf3 Nc6 4.e4 {This system is very popular nowadays. It was used, for instance, by Niemann in his victory against Mamedyarov in the Sinquefield Cup.} 4...Bb4 {Mamedyarov chose 4...Bc5, a more combative move that leads to complicated positions. The move played by Duda is more reliable.} 5.d3 d6 6.a3 Bc5 $1 {I played many online games with White in this system, and many of my opponents preferred to play 6...Bxc3. Of course, it's too much criticism to call this capture a mistake, but it makes White's play much easier with the bishop pair, good central control, and a clear plan of attack on the kingside.} 7.b4 Bb6 8.Be3 Bg4 9.Be2 O-O 10.O-O Bxf3 11.Bxf3 Nd4 12.Na4 c6 {I found just one game with this move.} ( 12...Nxf3+ {is the main line.} 13.Qxf3 Bxe3 {And now White can capture with the pawn (the move I prefer) or with the queen with equal chances in both cases.} 14.fxe3 ( 14.Qxe3 ) ) 13.Nxb6 axb6 {A new move.} ( 13...Qxb6 {was played in Raahul - Aditya, Abu Dhabi 2022.} ) ( 13...Nxf3+ {This is probably the best option.} 14.Qxf3 axb6 15.d4 Qe7 {with a small advantage for White because of the bishop against knight and more space, but since Black has the open a-file, it's not such a big deal.} ) 14.Bxd4 exd4 15.Qd2 ( 15.g3 {Followed by Bg2 and f4 is very natural.} ) 15...Nd7 16.Bg4 Ne5 17.Bd1 $6 {An unfortunate square for the bishop. Black's plan is to play g7-g5, so the bishop should be ready to land on f5.} ( 17.Bh3 g5 18.Bf5 $1 {And this is a much-improved version for White of the position we will have in the game.} ) 17...g5 $1 {The knight must be secured on its excellent post. Of course, generally, we should not advance the pawns in front of our king, but there is a good reason for this concession. This idea is also very common in the Benoni Defense, among others.} 18.f4 {White decides to open the kingside immediately. The problem with this plan is that now the knight can never be dislodged from e5. It's reasonable to try 18.g3 before playing f4, but this doesn't give an advantage.} ( 18.g3 f5 $5 ( 18...Kh8 {is also possible.} 19.f4 gxf4 20.gxf4 Rg8+ 21.Kh1 Qf6 $1 {with active play for Black.} ) 19.f4 gxf4 20.gxf4 Ng6 {with a good position for Black.} ) 18...gxf4 19.Rxf4 Kh8 20.Rf5 Rg8 21.a4 Rg7 22.Be2 Qh4 23.Rh5 Qe7 {Despite the open g-file and the monster e5-knight, it's not easy for Black to make progress. The computer assesses the position as equal. But Mitrabha had lost the first game, so he evidently was not in the mood for playing safely and making a draw. His attempt to create active play on the queenside, however, will cost him the game.} 24.Qb2 $6 {The queen is better placed on d2, controlling the dark squares around White's king.} ( 24.g3 ) 24...c5 25.a5 $2 {This is too optimistic. Black is ready to start a devastating kingside attack now.} 25...Qf6 ( 25...Rag8 26.g3 f5 $3 {leads to a pretty win, for instance:} 27.Rxf5 ( 27.exf5 Nxd3 $1 28.Bxd3 Qe3+ 29.Qf2 Rxg3+ $1 30.hxg3 Rxg3+ 31.Kf1 Qxd3+ 32.Qe2 Rf3+ 33.Ke1 Qc3+ {and Black wins.} ) 27...Rxg3+ 28.hxg3 Rxg3+ 29.Kf1 Qh4 {and White's king is helpless.} ) 26.Rf5 ( 26.bxc5 Rxg2+ $1 27.Kxg2 Rg8+ 28.Kh1 Qf2 {and Black wins.} ) 26...Qh6 27.axb6 $2 {This allows a decisive combination.} ( 27.bxc5 {is more stubborn.} ) 27...Qe3+ 28.Kf1 ( 28.Kh1 Rxa1+ {This is the reason why 27.axb6 is bad: Black benefits from the opening of the a-file.} 29.Qxa1 Qxe2 ) 28...Rag8 29.g3 ( 29.Rf2 Qxf2+ $1 {Black wins after:} 30.Kxf2 Rxg2+ 31.Ke1 ( 31.Kf1 Rg1+ 32.Kf2 R8g2# ) 31...Nxd3+ 32.Bxd3 Rxb2 ) 29...Rxg3 $1 {This move was begging to be played.} 30.hxg3 Qxg3 {The combined attack of queen, rook, and knight is too strong.} 31.Bf3 Qg1+ 32.Ke2 Qe3+ 33.Kd1 Rg1+ 0-1

[Event "Chess.com Global Championship Knockout"]
[Site "Chess.com"]
[Date "2022.09.22"]
[Round "2"]
[White "Hansen, Eric"]
[Black "Dominguez Perez, Leinier"]
[Result "0-1"]
[WhiteElo "2613"]
[BlackElo "2745"]
[ECO "C48"]
[EventDate "2022.??.??"]
[Annotator "rafael"]
[PlyCount "90"]
[Beauty "7289230591009"]
[EventType "team-tourn"]
[TimeControl "900+2"]

1.e4 e5 2.Nf3 Nf6 3.Nc3 {Needing the win to equalize the match, Hansen decides to run away from a theoretical battle in the main lines of the Petrov Defense.} 3...Nc6 4.Bb5 Nd4 {This is probably the most reliable move for Black. I've seen Dominguez play since the beginning of his international career in the early 2000s and at that time he already had a reputation for having a well-studied opening repertoire.} 5.O-O c6 6.Ba4 $6 {This is inaccurate.} ( 6.Bd3 {is a better try.} ) 6...a5 $1 {A very good move that makes the bishop feel awkward on the queenside. A very similar idea was tried in a game that I analyzed previously from this same tournament (Bortnyk - Xiong, CGC KO 2022).} 7.Bb3 {Hansen spent a long time on this move, a clear indication that he wasn't feeling very comfortable.} 7...d6 8.Ng5 $6 {This is not a good move, but Hansen certainly didn't like his position and was trying to change the trend of the game. 8.Nxd4 or 8.h3 are better, although Black has the advantage in both cases.} ( 8.Nxd4 exd4 9.Ne2 ) ( 8.h3 ) 8...Nxb3 ( 8...d5 $1 {is even better. My computer claims that Black is already close to winning after} 9.exd5 Nxd5 $1 {This was actually played in an email game: Wilshusen - Rekhtman, ICCF email 2017.} ) 9.axb3 h6 10.Nf3 Bg4 $6 {This a very natural move, but the pin is not so dangerous.} ( 10...Be7 {gives a clear advantage for Black, thanks to the bishop pair.} ) 11.h3 Bh5 12.d3 $6 ( 12.d4 $1 {White can fight for the initiative with this move. It's a pawn sacrifice, but it's better for Black not to accept it, since after} 12...Bxf3 ( 12...Qc7 {is better:} 13.Qd3 Be7 14.dxe5 dxe5 15.Nh4 {with a small advantage for White.} ) 13.Qxf3 exd4 14.Ne2 c5 15.c3 $1 dxc3 16.Nxc3 {White has excellent compensation for the pawn.} ) 12...Be7 13.Kh1 {A useful move in order to play g4 or Ne2, as in the game.} ( 13.Ne2 $5 {is also possible:} 13...Bxf3 14.gxf3 {Followed by 15.f4.} ) 13...Nd7 14.Ne2 $5 Bxf3 ( 14...O-O {What is more important: a better pawn structure or the bishop pair $2 Not an easy answer and it's very tempting to capture the knight. But the machine prefers to keep the bishop.} 15.g4 Bg6 16.Ng3 d5 {with a slight advantage for Black.} ) 15.gxf3 Bg5 16.Rg1 $2 {Hansen was already very low on time and this is probably the reason why he played this losing move.} ( 16.f4 $1 {is forced: the pawn structure needs to be improved while there is still time.} 16...exf4 17.Bxf4 Bxf4 18.Nxf4 {with chances for both sides.} ) 16...Qf6 $1 {Now the pawn is stuck on f3 and White is completely paralyzed.} 17.Ng3 Bxc1 18.Rxc1 g6 19.Ra1 Nf8 $1 {Improving the knight's position.} 20.Nf1 Ne6 21.Nd2 b5 $1 22.Rg3 h5 23.Nf1 O-O 24.Ne3 Kh7 25.Ng2 a4 {Black dominates the entire board. A dream position, especially if you only need to make a draw to win the match.} 26.b4 Rad8 27.c3 d5 $1 28.Qe2 d4 29.Rg1 Ra8 ( 29...Nf4 {wins on the spot after} 30.Nxf4 exf4 31.Rg5 dxc3 32.bxc3 Qxc3 ) 30.Qc2 a3 $1 31.c4 a2 32.Ra1 h4 33.Rg4 Qxf3 {Black's position is totally winning, but both players had only a few seconds left. Anything can happen in these situations.} 34.Kh2 Qf6 ( 34...bxc4 {is the most clear-cut way of winning.} 35.Ne1 ( 35.Qxc4 Qxf2 36.Rxa2 Rxa2 37.Qxa2 Nf4 ) 35...Qf6 36.dxc4 d3 $5 37.Nxd3 Rfd8 {and white's position is collapsing.} ) 35.cxb5 cxb5 36.Nxh4 Nf4 37.Nf3 Rac8 ( 37...Kg7 {is better.} ) 38.Qd2 Kg7 $2 {But now this is a blunder.} ( 38...Nh5 $1 {is necessary, in order to prevent the next move.} ) 39.Nxe5 $1 {Hansen exploits a tactical idea to equalize the game.} 39...Qxe5 40.Qxf4 Qxf4+ 41.Rxf4 Ra8 42.e5 $2 {The last mistake. White needed to go back with the rook immediately. A normal game would likely end in a draw, but who knows what would happen with each player down to mere seconds on the clock.} ( 42.Rg4 $1 Rfc8 43.Rg2 Rc2 44.f4 Rxg2+ 45.Kxg2 {With a probable draw.} ) 42...Rfc8 $1 {Now the rook goes to c2 and the game is decided.} 43.Rxd4 Rc2 44.Kg3 Rxb2 45.Rd7 Rb1 0-1

[Event "Chess.com Global Championship Knockout"]
[Site "Chess.com"]
[Date "2022.09.23"]
[Round "2"]
[White "Sarana, Alexey"]
[Black "Mamedyarov, Shakhriyar"]
[Result "1-0"]
[WhiteElo "2662"]
[BlackElo "2757"]
[ECO "D27"]
[EventDate "2022.??.??"]
[Annotator "rafael"]
[PlyCount "59"]
[Beauty "8249155797556"]
[EventType "team-tourn"]
[TimeControl "900+2"]

{The elimination of an elite player like Mamedyarov may come as a surprise, but make no mistake: I've been following Sarana's career in online tournaments and he's got extraordinary results in this format.} 
1.d4 d5 2.c4 {The Queen's Gambit Accepted is experiencing a new surge in popularity and is regularly employed by elite players.} 2...dxc4 3.Nf3 Nf6 4.e3 e6 5.Bxc4 c5 6.O-O a6 {A critical position. White has several possibilities here.} 7.Nc3 {This isn't the most popular move, but it's been played by several super grandmasters recently, including Carlsen.} 7...b5 8.Bb3 ( 8.Be2 {This withdrawal is also possible.} ) 8...Bb7 9.e4 $1 {The fashionable move and the choice of all the most important games for recent theory.} ( 9.Qe2 {is the old move. I played it a few times, including the best game of my career (Leitao x Baburin, Bermuda 1998). However, after a loss to Ponomariov in 1999, I gave up on that system for White. Maybe it's time to play it again, but this time using the modern move.} ) 9...Be7 ( 9...cxd4 {In 2019 I was on Black's side of this line and chose this move.} 10.Nxd4 Nc6 ( 10...Nbd7 {is also possible.} ) 11.Nxc6 Qxd1 12.Rxd1 Bxc6 13.f3 Bc5+ 14.Kf1 {and White has a good performance in the games played in this endgame, although it doesn't look like much. Mekhitarian - Leitao, Teresina 2019 - the game ended in a draw.} ) 10.e5 Ne4 ( 10...Nd5 $2 {is not good. White is much better after} 11.Nxd5 Bxd5 12.dxc5 Bxb3 13.Qxb3 Bxc5 14.Ng5 ) 11.Nxe4 Bxe4 12.Qe2 Bb7 $2 {The bishop goes back to the wrong diagonal.} ( 12...Bg6 $1 {is the correct move. As always, correspondence games show the right way.} 13.Bc2 ( 13.dxc5 $2 {This move loses the exchange and that's why the black bishop must go to g6.} 13...Bd3 $1 ) 13...c4 {with a balanced position. Fischer - Brorens, ICCF email 2019.} ) 13.dxc5 $1 {Now this capture is possible and White has a big advantage. Black's king is in an insecure position.} 13...Nd7 ( 13...Bxc5 14.Ng5 {with a very strong attack. Ponomariov - Malakhov, Khanty-Mansiysk 2009.} ) 14.c6 $1 {The first new move of the game.} ( 14.Be3 {is also good, but not as good as the move played in the game.} 14...Nxc5 $6 ( 14...Rc8 {is better.} ) 15.Rfd1 Qb8 16.Bxc5 $1 Bxc5 17.Ng5 {with a decisive attack in Costachi - Wagh, New Delhi 2019.} ) 14...Bxc6 15.Nd4 $1 {That's the idea: the knight goes to the center winning a tempo, enforcing a sacrifice on e6, and clearing the queen's path to the kingside.} 15...Bb7 16.Rd1 Qb6 17.Be3 Nc5 18.Bc2 {Now White is threatening 19.b4, which forces Black to lose more time.} 18...Qc7 ( 18...b4 {doesn't help much.} 19.Rac1 O-O 20.Nb3 $1 Rac8 21.Bb1 {And the c5-knight's pin guarantees a decisive advantage for White.} 21...g6 22.Rd6 $1 Bxd6 23.exd6 $18 ) 19.Bf4 ( 19.Rac1 {is also very strong, but it's necessary to play with computer precision.} 19...Qxe5 20.f4 $1 Qf6 ( 20...Qc7 21.b4 Nd7 22.Nxe6 fxe6 23.Bg6+ {wins the queen.} ) ( 20...Qb8 21.Nf5 $1 {with a winning attack.} ) 21.Nxb5 $1 O-O 22.Nd6 Bxd6 23.Rxd6 Ne4 24.Rd4 Qg6 ( 24...Nc5 25.b4 {and the knight has no squares.} ) 25.Rb4 $1 Bd5 26.Bc5 $1 {And finally White gains material.} ) 19...Rd8 ( 19...Bd5 {Reinforcing the e6-pawn and freeing the b7-square for the queen was a more tenacious defense despite White's overwhelming advantage.} ) 20.Rac1 Qb8 21.b4 $1 Nd7 {The position is ripe for a tactical solution.} 22.Nxe6 $1 fxe6 23.Qh5+ Kf8 ( 23...g6 {White now wins elegantly after} 24.Bxg6+ hxg6 25.Qxg6+ Kf8 26.Bh6+ Rxh6 27.Qxh6+ Kf7 ( 27...Kg8 28.Qxe6+ ) 28.Qh7+ Ke8 29.Qh5+ $1 Kf8 30.Rxd7 $1 Rxd7 31.Qh8+ Kf7 32.Qxb8 ) 24.Bb3 $1 {A devastating blow. There is no defense for the e6-pawn and the bishop enters the attack with deadly effect.} 24...g6 25.Qh6+ Ke8 26.Bxe6 Nf8 27.Bb3 Rxd1+ 28.Rxd1 Qc8 29.Qg7 Qf5 30.e6 {A nice shot to end the game. A convincing victory for Sarana.} ( 30.e6 Nxe6 ( 30...Qxf4 31.Qf7+ Qxf7 32.exf7# ) 31.Bxe6 Qxe6 32.Qxh8+ ) 1-0